 Dungeon Crawl Stone Soup version 0.30-a0-989-g0d87f670db (webtiles) character file.

Game seed: 5080089737345828191

131 Ghostmaker01 the Covered (level 4, 0/41 HPs)
             Began as a Minotaur Fighter on Apr 3, 2023.
             Was an Initiate of Trog.
             Slain by an orc wizard
             ... wielding a +0 dagger
              (3 damage)
             ... on level 4 of the Dungeon.
             The game lasted 00:06:35 (2458 turns).

Ghostmaker01 the Covered (Minotaur Fighter)         Turns: 2458, Time: 00:06:36

Health: 0/41       AC:  9    Str: 29    XL:     4   Next: 91%
Magic:  3/3        EV: 10    Int:  5    God:    Trog [......]
Gold:   123        SH:  4    Dex:  9    Spells: 3/3 levels left

rFire   . . .      SeeInvis .    a - +0 war axe
rCold   . . .      Faith    .    c - +0 buckler
rNeg    . . .      Spirit   .    b - +0 scale mail
rPois   .          Reflect  .    (helmet restricted)
rElec   .          Rampage  .    (no cloak)
rCorr   .                        p - +1 pair of gloves
Will    .....                    (no boots) Stlth
                                 (no amulet)
HPRegen 0.26/turn                i - +6 ring of strength
MPRegen 0.08/turn                (no ring)

@: mighty
A: horns 2, retaliatory headbutt
a: Renounce Religion


You were on level 4 of the Dungeon.
You worshipped Trog.
Trog was noncommittal.
You visited 1 branch of the dungeon, and saw 4 of its levels.

You collected 123 gold pieces.

Inventory:

Hand Weapons
 a - a +0 war axe (weapon)
Armour
 b - a +0 scale mail (worn)
 c - a +0 buckler (worn)
 p - a +1 pair of gloves (worn)
Jewellery
 i - a +6 ring of strength (left hand)
 s - an amulet of faith
Wands
 m - a wand of paralysis (11)
Scrolls
 e - a scroll of identify {unknown}
 g - a scroll of silence {unknown}
 q - a scroll of enchant armour {unknown}
 r - 2 scrolls of magic mapping {unknown}
 t - a scroll of vulnerability {unknown}
 u - a scroll of amnesia {unknown}
 v - a scroll of teleportation {unknown}
 w - a scroll of fog {unknown}
Potions
 d - a potion of might
 f - 3 potions of curing {unknown}
 h - 2 potions of haste {unknown}
 j - a potion of ambrosia {unknown}
 k - a potion of lignification {unknown}
 n - a potion of degeneration {unknown}


   Skills:
 * Level 4.3 Fighting
 * Level 4.4 Axes
 + Level 4.5 Armour
 + Level 1.0 Dodging
 + Level 4.0 Shields


You had 3 spell levels left.
You didn't know any spells.
Your spell library was empty.

Dungeon Overview and Level Annotations

Branches:
Dungeon (4/15)
 Temple: D:4-7

Altars:
Fedhas
Trog
Xom

Shops:
D:3 =


Innate Abilities, Weirdness & Mutations

You have a pair of horns on your head.
You reflexively headbutt those who attack you in melee.


Message History

Your Dodging skill increases to level 1!
You bump into the stone wall.
You feel less confused. Something hits you but does no damage.
The hobgoblin completely misses you.
Unknown command.
The hobgoblin attacks as you move away! The hobgoblin closely misses you.
The dart slug launches a dart at you.
The slug dart hits you but does no damage.
Something hits you but does no damage. The dart slug barely misses you.
You slash the dart slug!
You kill the dart slug!
Trog accepts your kill.
You slash the orc!
You kill the orc!
Trog accepts your kill.
You hit the hobgoblin.
You kill the hobgoblin!
Trog accepts your kill.
You hear some strange, mumbled words.
A puff of flame appears from out of thin air!
The puff of flame misses you.
You see here a dart slug corpse.
You closely miss something. Your headbutt misses something.
Something hits you but does no damage.
You miss something. You block something's attack. Something hits you.
* * * LOW HITPOINT WARNING * * *
You feel very mighty all of a sudden.
You hear some strange, mumbled words.
A magic dart appears from out of thin air!
The magic dart hits you.
* * * LOW HITPOINT WARNING * * *
Okay, then.
You are too injured to fight recklessly!
You are too injured to fight recklessly!
You are too injured to fight recklessly!
You miss something. Your headbutt misses something.
Something hits you but does no damage.
You barely miss something. Your headbutt misses something. Something hits you.
You die...

##. ... #..###### #
####.#.....##..
#..?.#.......
...........# .
....##.)...######....
. #....)$.og{@.......
...#....))†#######.##
...#.#..)..#
..........g#
........)..#
.#####.....#
#...)..##.####
#.............
#....<........


You could see a gnoll and an orc.

Vanquished Creatures
  5 adders
  2 worms
  3 dart slugs
  8 orcs
  7 endoplasms
  A giant cockroach (D:2)
  7 hobgoblins
  A quokka (D:3)
  6 ball pythons
  5 bats
  2 frilled lizards (D:1)
  6 goblins
  8 kobolds
  5 rats
66 creatures vanquished.

Notes
Turn   | Place    | Note
-------+----------+-------------------------------------------
     0 | D:1      | Ghostmaker01 the Minotaur Fighter began the quest for the
                  | Orb.
     0 | D:1      | Reached XP level 1. HP: 19/19 MP: 0/0
   213 | D:1      | Reached XP level 2. HP: 27/27 MP: 1/1
  1180 | D:2      | Reached XP level 3. HP: 31/33 MP: 2/2
  1413 | D:2      | Found a faded altar of an unknown god.
  1890 | D:3      | Found Umnol's Jewellery Boutique.
  2013 | D:3      | Found a blossoming altar of Fedhas.
  2016 | D:3      | Reached XP level 4. HP: 40/40 MP: 3/3
  2055 | D:3      | Found a bloodstained altar of Trog.
  2118 | D:3      | Became a worshipper of Trog the Wrathful
  2199 | D:3      | Found a shimmering altar of Xom.
  2444 | D:4      | Reached skill level 1 in Dodging
  2456 | D:4      | HP: 2/41 [something/magic dart (6)]
  2458 | D:4      | Slain by an orc wizard

Illustrated notes

Levels and vault maps discovered:
D:1:      nzn_arrival_depleted_hourglass, layout_basic, minmay_bisected
D:2:      layout_loops_corners, shapermc_ecumenical_altar_pompeii,
          mrwooster_statue_mirror
D:3:      layout_rooms, lightli_temple_of_fire, mainiacjoe_overflow_paths,
          xom_confusion_cloud, serial_shops,
          nicolae_shop_temple_entry_statues_fountains
D:4:      layout_rooms, nicolae_wu_jian_wuxing_cycle, minmay_temple_entry_mist,
          nicolae_shop_sticking_my_neck_out

Skill      XL: |  1  2  3  4 |
---------------+-------------+-----
Armour         | 4 |  4.5
Shields        | 4 |  4.0
Axes           | 3 4 |  4.4
Fighting       | 4 |  4.3
Dodging        | 1 |  1.0

Action                     |  1- 3 |  4- 6 || total
---------------------------+-------+-------++-------
  Melee: War axe           |    90 |    38 ||   128
         Headbutt          |     7 |     4 ||    11
    Use: Scroll            |       |     2 ||     2
         Potion            |       |     1 ||     1
 Armour: Scale mail        |    41 |    28 ||    69
  Dodge: Dodged            |    37 |    28 ||    65
  Block: Buckler           |    24 |     9 ||    33

Table legend: (Time is in decaauts)
 A = Elapsed time spent in this place.
 B = Non-inter-level travel time spent in this place.
 C = Inter-level travel time spent in this place.
 D = Time resting spent in this place.
 E = Time spent auto-exploring this place.
 F = Levels seen in this place.
 G = Mean time per level.
                   A        B        C        D        E       F      G
               +--------+--------+--------+--------+--------+-----+--------+
         Total |   2507 |   2279 |    228 |      0 |   1812 |   4 |  626.8 |
       Dungeon |   2507 |   2279 |    228 |      0 |   1812 |   4 |  626.8 |
               +--------+--------+--------+--------+--------+-----+--------+

Top non-repeatable levels by time:
     D:2: 995 daAuts
     D:1: 879 daAuts
     D:3: 586 daAuts
     D:4: 46 daAuts
